PCL
VANCOUVER VIPERS @ GRESHAM GOLD SOULS
04/12/2028
 
TOP OF THE 1ST
Vancouver Vipers batting - Pitching for Gresham Gold Souls : RHP Arturo Martínez
Pitching: RHP Arturo Martínez
Batting: LHB Nick English 0-0: Ball
1-0: Fly out, F5 (Popup, 5L)
Batting: LHB Mike Williams 0-0: Ball
1-0: Called Strike
1-1: Foul Ball, location: 2F
1-2: Strikes out swinging
Batting: RHB David Canseco 0-0: Foul Ball, location: 2F
0-1: Ball
1-1: Swinging Strike
1-2: Ball
2-2: Ball
3-2: Base on Balls
Batting: SHB Henry Copeland 0-0: Called Strike
0-1: Ball
1-1: SINGLE (Line Drive, 6MD)
David Canseco to second
Batting: RHB Daniel Robert 0-0: Called Strike
0-1: Swinging Strike
0-2: Ball
1-2: Strikes out swinging
Top of the 1st over - 0 run(s), 1 hit(s), 0 error(s), 2 left on base; Vancouver 0 - Gresham 0
BOTTOM OF THE 1ST
Gresham Gold Souls batting - Pitching for Vancouver Vipers : RHP Diego González
Pitching: RHP Diego González
Batting: RHB Jim Edgar 0-0: Bunt missed!
0-1: Ground out 6-3 (Groundball, 6)
Batting: RHB Brian Dixon 0-0: Ball
1-0: Swinging Strike
1-1: Ground out 6-3 (Groundball, 6)
Batting: RHB Mario Méndez 0-0: Called Strike
0-1: Ball
1-1: Foul Ball, location: 2F
1-2: Ball
2-2: Strikes out swinging
Bottom of the 1st over - 0 run(s), 0 hit(s), 0 error(s), 0 left on base; Vancouver 0 - Gresham 0
TOP OF THE 2ND
Vancouver Vipers batting - Pitching for Gresham Gold Souls : RHP Arturo Martínez
Batting: RHB Ryan Parrish 0-0: Ball
1-0: Called Strike
1-1: Reached on error, E4 (Groundball, 4)
Batting: RHB Marvin Workman 0-0: Ball
1-0: Swinging Strike
1-1: Swinging Strike
1-2: Strikes out swinging
Batting: RHB Steve Bender 0-0: Ball
1-0: DOUBLE (Line Drive, 7LS)
Ryan Parrish scores
Batting: RHB Axel Guimont 0-0: Ball
1-0: Called Strike
1-1: Called Strike
1-2: Ball
2-2: Ball
3-2: Foul Ball, location: 2F
3-2: Base on Balls
Batting: LHB Nick English 0-0: Ball
1-0: Ball
2-0: Foul Ball, location: 2F
2-1: Foul Ball, location: 2F
2-2: Ball
3-2: Fielders Choice at 2nd, 1-6 (Groundball, 13)
Steve Bender to third
Batting: LHB Mike Williams 0-0: Called Strike
0-1: Ball
1-1: Ball
2-1: Fly out, F8 (Flyball, 8LM)
Top of the 2nd over - 1 run(s), 1 hit(s), 1 error(s), 2 left on base; Vancouver 1 - Gresham 0
BOTTOM OF THE 2ND
Gresham Gold Souls batting - Pitching for Vancouver Vipers : RHP Diego González
Batting: LHB Ezechiele Bruno 0-0: Ball
1-0: Ball
2-0: Ball
3-0: Called Strike
3-1: Base on Balls
Batting: RHB Matt Davidson 0-0: Called Strike
0-1: Ball
1-1: Ball
2-1: Called Strike
2-2: Strikes out swinging
Batting: LHB Bill Smith 0-0: Ball
1-0: Called Strike
1-1: SINGLE (Groundball, 34D)
Ezechiele Bruno to second
Runner from 2nd tries for 3rd, SAFE, no throw
Batting: LHB Jeff McKinney 0-0: Called Strike
0-1: Ball
1-1: Ball
2-1: Ball
3-1: Swinging Strike
3-2: Strikes out swinging
Batting: SHB Todd Smith 0-0: Foul Ball, location: 2F
0-1: Ground out 6-3 (Groundball, 6D)
Bottom of the 2nd over - 0 run(s), 1 hit(s), 0 error(s), 2 left on base; Vancouver 1 - Gresham 0
TOP OF THE 3RD
Vancouver Vipers batting - Pitching for Gresham Gold Souls : RHP Arturo Martínez
Batting: RHB David Canseco 0-0: Called Strike
0-1: Ball
1-1: Swinging Strike
1-2: Ground out 5-3 (Groundball, 56S)
Batting: SHB Henry Copeland 0-0: Ball
1-0: Ball
2-0: Foul Ball, location: 2F
2-1: SINGLE (Groundball, 6MD)
Batting: RHB Daniel Robert 0-0: Called Strike
0-1: Ball
1-1: Called Strike
1-2: Foul Ball, location: 2F
1-2: Strikes out swinging
Batting: RHB Ryan Parrish 0-0: Swinging Strike
0-1: Swinging Strike
0-2: Ball
1-2: Strikes out swinging
Top of the 3rd over - 0 run(s), 1 hit(s), 0 error(s), 1 left on base; Vancouver 1 - Gresham 0
BOTTOM OF THE 3RD
Gresham Gold Souls batting - Pitching for Vancouver Vipers : RHP Diego González
Batting: RHB Willie Houk 0-0: Ball
1-0: Swinging Strike
1-1: Foul Ball, location: 2F
1-2: Fly out, F7 (Flyball, 78M)
Batting: RHB Jim Edgar 0-0: Called Strike
0-1: SOLO HOME RUN (Flyball, 8LXD), Distance : 420 ft
Batting: RHB Brian Dixon 0-0: Called Strike
0-1: Swinging Strike
0-2: Ball
1-2: Ball
2-2: Foul Ball, location: 2F
2-2: Strikes out swinging
Batting: RHB Mario Méndez 0-0: Called Strike
0-1: Ball
1-1: Ground out 1-3 (Groundball, 13)
Bottom of the 3rd over - 1 run(s), 1 hit(s), 0 error(s), 0 left on base; Vancouver 1 - Gresham 1
TOP OF THE 4TH
Vancouver Vipers batting - Pitching for Gresham Gold Souls : RHP Arturo Martínez
Batting: RHB Marvin Workman 0-0: SINGLE (Line Drive, 8LS)
Pitching: LHP Shawn Taylor
Batting: RHB Steve Bender 0-0: Called Strike
0-1: Ball
1-1: Foul Ball, location: 2F
1-2: Fly out, F7 (Flyball, 78S)
Batting: RHB Axel Guimont 0-0: Ball
1-0: SINGLE (Line Drive, 8LS)
Marvin Workman to second
Batting: LHB Nick English 0-0: Called Strike
0-1: Foul Ball, location: 2F
0-2: Foul Ball, location: 2F
0-2: Ball
1-2: Ball
2-2: Foul Ball, location: 2F
2-2: SINGLE (Flyball, 8LS)
Marvin Workman to third
Axel Guimont to second
Runner from 3rd tries for Home, SAFE, throw made home
Axel Guimont to third
Nick English to second
Batting: LHB Mike Williams 0-0: Ball
1-0: DOUBLE (Line Drive, 9D)
Axel Guimont scores
Nick English scores
Batting: RHB David Canseco 0-0: SINGLE (Flyball, 8LS)
Mike Williams to third
Runner from 3rd tries for Home, throw and OUT!
David Canseco to second
Batting: SHB Henry Copeland 0-0: Ball
1-0: Ball
2-0: Ball
3-0: Base on Balls
Batting: RHB Daniel Robert 0-0: Ball
1-0: SINGLE (Line Drive, 6D)
David Canseco to third
Henry Copeland to second
Runner from 3rd tries for Home, SAFE, no throw
Pitching: RHP Paul Miller
Batting: RHB Ryan Parrish 0-0: Foul Ball, location: 2F
0-1: Foul Ball, location: 2F
0-2: Foul Ball, location: 2F
0-2: Foul Ball, location: 2F
0-2: Strikes out swinging
Top of the 4th over - 4 run(s), 6 hit(s), 0 error(s), 2 left on base; Vancouver 5 - Gresham 1
BOTTOM OF THE 4TH
Gresham Gold Souls batting - Pitching for Vancouver Vipers : RHP Diego González
Batting: LHB Ezechiele Bruno 0-0: Ball
1-0: Called Strike
1-1: Ball
2-1: Swinging Strike
2-2: Ball
3-2: Fly out, F9 (Flyball, 9S)
Batting: RHB Matt Davidson 0-0: Ball
1-0: Ground out 5-3 (Groundball, 56S)
Batting: LHB Bill Smith 0-0: SINGLE (Groundball, 34S) (infield hit)
Batting: LHB Jeff McKinney 0-0: Ball
1-0: Fly out, F6 (Line Drive, 6D)
Bottom of the 4th over - 0 run(s), 1 hit(s), 0 error(s), 1 left on base; Vancouver 5 - Gresham 1
TOP OF THE 5TH
Vancouver Vipers batting - Pitching for Gresham Gold Souls : RHP Paul Miller
Batting: RHB Marvin Workman 0-0: Foul Ball, location: 2F
0-1: Ball
1-1: DOUBLE (Line Drive, 7LM)
Batting: RHB Steve Bender 0-0: Foul Ball, location: 2F
0-1: Ball
1-1: Fly out, F9 (Flyball, 9D)
Runner from 2nd tags up, SAFE at 3rd, no throw
Batting: RHB Axel Guimont 0-0: Ball
1-0: Ball
2-0: Called Strike
2-1: Ball
3-1: Foul Ball, location: 2F
3-2: Base on Balls
Batting: LHB Nick English 0-0: Called Strike
0-1: Called Strike
0-2: Ball
1-2: Strikes out swinging
Batting: LHB Mike Williams 0-0: Called Strike
0-1: Ground out 1-3 (Groundball, 13S)
Top of the 5th over - 0 run(s), 1 hit(s), 0 error(s), 2 left on base; Vancouver 5 - Gresham 1
BOTTOM OF THE 5TH
Gresham Gold Souls batting - Pitching for Vancouver Vipers : RHP Diego González
Batting: SHB Todd Smith 0-0: Swinging Strike
0-1: Ball
1-1: Swinging Strike
1-2: Ball
2-2: Foul Ball, location: 2F
2-2: Ball
3-2: Base on Balls
Batting: RHB Willie Houk 0-0: Called Strike
0-1: Ball
1-1: Foul Ball, location: 2F
1-2: Strikes out swinging
Batting: RHB Jim Edgar Pickoff Throw to First - Out!
0-0: Called Strike
0-1: Foul Ball, location: 2F
0-2: Ball
1-2: Ball
2-2: Ball
3-2: Base on Balls
Batting: RHB Brian Dixon 0-0: Ball
Pickoff Throw to First - Out!
Bottom of the 5th over - 0 run(s), 0 hit(s), 0 error(s), 0 left on base; Vancouver 5 - Gresham 1
TOP OF THE 6TH
Vancouver Vipers batting - Pitching for Gresham Gold Souls : RHP Paul Miller
Batting: RHB David Canseco 0-0: Swinging Strike
0-1: Ball
1-1: Ball
2-1: Ball
3-1: Ground out 6-3 (Groundball, 6)
Batting: SHB Henry Copeland 0-0: Called Strike
0-1: Called Strike
0-2: Strikes out swinging
Batting: RHB Daniel Robert 0-0: Called Strike
0-1: Fly out, F9 (Flyball, 89XD)
Top of the 6th over - 0 run(s), 0 hit(s), 0 error(s), 0 left on base; Vancouver 5 - Gresham 1
BOTTOM OF THE 6TH
Gresham Gold Souls batting - Pitching for Vancouver Vipers : RHP Diego González
Batting: RHB Brian Dixon 0-0: Called Strike
0-1: Ball
1-1: Foul Ball, location: 2F
1-2: Ground out 1-3 (Groundball, 13)
Batting: RHB Mario Méndez 0-0: Called Strike
0-1: Ball
1-1: Foul Ball, location: 2F
1-2: Foul Ball, location: 2F
1-2: Foul Ball, location: 2F
1-2: Ball
2-2: Ball
3-2: SINGLE (Line Drive, 8LS)
Batting: LHB Ezechiele Bruno 0-0: Called Strike
0-1: Ball
1-1: Swinging Strike
1-2: Foul Ball, location: 2F
1-2: Fly out, F7 (Flyball, 7)
Batting: RHB Matt Davidson 0-0: Called Strike
0-1: Ball
1-1: Foul Ball, location: 2F
1-2: Foul Ball, location: 2F
1-2: Ball
2-2: Foul Ball, location: 2F
2-2: Ball
3-2: Strikes out swinging
Bottom of the 6th over - 0 run(s), 1 hit(s), 0 error(s), 1 left on base; Vancouver 5 - Gresham 1
TOP OF THE 7TH
Vancouver Vipers batting - Pitching for Gresham Gold Souls : RHP Paul Miller
Batting: RHB Ryan Parrish 0-0: Foul Ball, location: 2F
0-1: Ground out 6-3 (Groundball, 6)
Batting: RHB Marvin Workman 0-0: Ball
1-0: Ball
2-0: Called Strike
2-1: Called Strike
2-2: Foul Ball, location: 2F
2-2: Strikes out swinging, 2-3 out at first.
Batting: RHB Steve Bender 0-0: Ground out 6-3 (Groundball, 56)
Top of the 7th over - 0 run(s), 0 hit(s), 0 error(s), 0 left on base; Vancouver 5 - Gresham 1
BOTTOM OF THE 7TH
Gresham Gold Souls batting - Pitching for Vancouver Vipers : RHP Diego González
Pitching: RHP Ben Evans
Batting: LHB Bill Smith 0-0: Ball
1-0: Fly out, F6 (Line Drive, 6)
Batting: LHB Jeff McKinney 0-0: Called Strike
0-1: Foul Ball, location: 2F
0-2: Ball
1-2: Foul Ball, location: 2F
1-2: Strikes out swinging
Batting: SHB Todd Smith 0-0: Foul Ball, location: 2F
0-1: Ball
1-1: Ball
2-1: Ball
3-1: Called Strike
3-2: Fly out, F3 (Popup, 3L)
Bottom of the 7th over - 0 run(s), 0 hit(s), 0 error(s), 0 left on base; Vancouver 5 - Gresham 1
TOP OF THE 8TH
Vancouver Vipers batting - Pitching for Gresham Gold Souls : RHP Paul Miller
Pitching: RHP José González
Batting: RHB Axel Guimont 0-0: Ball
1-0: Called Strike
1-1: Ball
2-1: Foul Ball, location: 2F
2-2: Strikes out swinging
Batting: LHB Nick English 0-0: Ball
1-0: Ball
2-0: SINGLE (Groundball, 4M) (infield hit)
Batting: LHB Mike Williams 0-0: Fly out, F8 (Flyball, 8RM)
Batting: RHB David Canseco 0-0: Foul Ball, location: 2F
0-1: Ball
1-1: Foul Ball, location: 2F
1-2: Foul Ball, location: 2F
1-2: Ball
2-2: Fly out, F7 (Flyball, 7LM)
Top of the 8th over - 0 run(s), 1 hit(s), 0 error(s), 1 left on base; Vancouver 5 - Gresham 1
BOTTOM OF THE 8TH
Gresham Gold Souls batting - Pitching for Vancouver Vipers : RHP Ben Evans
Batting: RHB Willie Houk 0-0: Ball
1-0: Foul Ball, location: 2F
1-1: Fly out, F4 (Line Drive, 4)
Batting: RHB Jim Edgar 0-0: Called Strike
0-1: Swinging Strike
0-2: Ground out 6-3 (Groundball, 6)
Batting: RHB Brian Dixon 0-0: Foul Ball, location: 2F
0-1: Ground out 5-3 (Groundball, 56S)
Bottom of the 8th over - 0 run(s), 0 hit(s), 0 error(s), 0 left on base; Vancouver 5 - Gresham 1
TOP OF THE 9TH
Vancouver Vipers batting - Pitching for Gresham Gold Souls : RHP José González
Batting: SHB Henry Copeland 0-0: Called Strike
0-1: Ball
1-1: Ball
2-1: Foul Ball, location: 2F
2-2: Ball
3-2: Base on Balls
Batting: RHB Daniel Robert 0-0: Foul Ball, location: 2F
0-1: Called Strike
0-2: Strikes out swinging
Batting: RHB Ryan Parrish 0-0: Ball
1-0: Called Strike
1-1: Called Strike
1-2: Ball
2-2: Ball
3-2: Base on Balls
Henry Copeland to second
Batting: RHB Marvin Workman 0-0: Foul Ball, location: 2F
0-1: Ball
1-1: Swinging Strike
1-2: Ball
2-2: Ball
3-2: SINGLE (Line Drive, 9LS)
Henry Copeland to third
Ryan Parrish to second
Batting: RHB Steve Bender 0-0: Called Strike
0-1: Swinging Strike
0-2: Ball
1-2: Ball
2-2: Foul Ball, location: 2F
2-2: Ball
3-2: Foul Ball, location: 2F
3-2: SINGLE (Groundball, 6) (infield hit)
Henry Copeland scores
Ryan Parrish to third
Marvin Workman to second
Batting: RHB Axel Guimont 0-0: Called Strike
0-1: Ball
1-1: SINGLE (Groundball, 34D)
Ryan Parrish scores
Marvin Workman to third
Steve Bender to second
Runner from 3rd tries for Home, throw and OUT!
Steve Bender to third
Axel Guimont to second
Batting: LHB Nick English 0-0: Ball
1-0: Ball
2-0: Ground out 4-3 (Groundball, 4)
Top of the 9th over - 2 run(s), 3 hit(s), 0 error(s), 2 left on base; Vancouver 7 - Gresham 1
BOTTOM OF THE 9TH
Gresham Gold Souls batting - Pitching for Vancouver Vipers : RHP Ben Evans
Batting: RHB Mario Méndez 0-0: Called Strike
0-1: Ball
1-1: Called Strike
1-2: Strikes out swinging
Batting: LHB Ezechiele Bruno 0-0: Fly out, F8 (Flyball, 78M)
Batting: RHB Matt Davidson 0-0: Foul Ball, location: 2F
0-1: Swinging Strike
0-2: Strikes out looking
Bottom of the 9th over - 0 run(s), 0 hit(s), 0 error(s), 0 left on base; Vancouver 7 - Gresham 1
Tuesday, August 8th, 2017 - OOTP Baseball 17.12 Build 75